 Dungeon Crawl Stone Soup version 0.27-a0-1140-g099f9bb0e8 (webtiles) character file.

Game seed: 4182089455920455994

54974 bilbop the Thaumaturge (level 14, -8/103 HPs)
             Began as a Djinni Air Elementalist on May 9, 2021.
             Was the Champion of Makhleb.
             Mangled by a boulder beetle (20 damage)
             ... on level 6 of the Lair of Beasts.
             The game lasted 02:19:25 (19094 turns).

bilbop the Thaumaturge (Djinni Air Elementalist)   Turns: 19094, Time: 02:19:26

Health: -8/103     AC: 12    Str:  5    XL:     14   Next: 75%
Gold:   1562       EV: 10    Int: 29    God:    Makhleb [******] SH: 17 Dex: 15

rFire    + + +     SeeInvis .   c - staff of air
rCold    + + .     Faith    .   F - +2 kite shield {rC+}
rNeg     . . .     Spirit   .   m - +2 troll leather armour
rPois    ∞         Reflect  +   J - +1 helmet {Int+3}
rElec    +         Harm     .   b - +2 cloak of Xyanok {rElec rF+++ rC+}
rCorr    +         Rampage  .   u - +0 pair of gloves
Will     +....                  (boots unavailable)
Stlth    ++++......             r - amulet of reflection
HPRegen  1.27/turn              v - ring of Tulips {Fly rC+ rCorr Str-2 Int+5}
MPRegen  0.00/turn              G - +4 ring of slaying

@: flying
A: sickness immunity, fire resistance 2, cold vulnerability 1, float, innate
caster, hp casting, extra vitality 1
a: Renounce Religion, Minor Destruction, Lesser Servant of Makhleb, Major
Destruction, Greater Servant of Makhleb


You were on level 6 of the Lair of Beasts.
You worshipped Makhleb.
Makhleb was exalted by your worship.
You visited 2 branches of the dungeon, and saw 17 of its levels.

You collected 1562 gold pieces.

Inventory:

Missiles
 o - 6 curare-tipped darts
 Y - 7 atropa-tipped darts
Armour
 b - the +2 cloak of Xyanok (worn) {rElec rF+++ rC+}
   (You acquired it on level 9 of the Dungeon)

   It renders you almost immune to fire.
   It protects you from cold.
   It insulates you from electricity.
 i - the +2 leather armour of the Fiddle {rElec}
   (You found it on level 9 of the Dungeon)

   It insulates you from electricity.
 m - a +2 troll leather armour (worn)
 u - a +0 pair of gloves (worn)
 B - a +1 helmet
 F - a +2 kite shield of cold resistance (worn)
 J - a +1 helmet of intelligence (worn)
 L - a +2 robe of resistance
Magical Staves
 c - a staff of air (weapon)
Jewellery
 r - an amulet of reflection (around neck)
 v - the ring of Tulips (left hand) {Fly rC+ rCorr Str-2 Int+5}
   (You found it on level 6 of the Dungeon)

   [ring of flight]

   It affects your strength (-2).
   It affects your intelligence (+5).
   It protects you from cold.
   It grants you flight.
   It protects you from acid and corrosion.
 G - a +4 ring of slaying (right hand)
 I - a ring of ice
 N - a +6 ring of intelligence
 R - an amulet of the acrobat
Wands
 d - a wand of polymorph (16)
 l - a wand of digging (5)
 x - a wand of paralysis (8)
 y - a wand of iceblast (12)
 D - a wand of mindburst (27)
 V - a wand of flame (33)
Scrolls
 a - a scroll of brand weapon {unknown}
 g - 2 scrolls of blinking
 h - 2 scrolls of summoning {unknown}
 j - 4 scrolls of fear
 n - 5 scrolls of teleportation
 q - 4 scrolls of magic mapping
 A - 2 scrolls of enchant weapon
 E - 2 scrolls of fog
 H - 2 scrolls of silence
Potions
 e - 2 potions of attraction {unknown}
 f - 2 potions of lignification {unknown}
 k - a potion of flight {unknown}
 p - a potion of haste {unknown}
 s - a potion of invisibility {unknown}
 t - 5 potions of heal wounds
 w - 5 potions of curing {unknown}
 z - a potion of brilliance {unknown}
 C - 3 potions of degeneration {unknown}
 M - 2 potions of might {unknown}
 P - 2 potions of resistance {unknown}
 Q - a potion of ambrosia {unknown}
 U - 2 potions of magic {unknown}
 W - a potion of berserk rage {unknown}
 X - a potion of cancellation {unknown}
Miscellaneous
 K - a phantom mirror
 S - a condenser vane
 T - a box of beasts


   Skills:
 + Level 10.1 Fighting
 + Level 9.2 Staves
 - Level 2.1 Dodging
 + Level 9.4 Stealth
 + Level 8.7 Shields
 * Level 12.1 Spellcasting
 + Level 9.3 Invocations


You had 3 spell levels left.
You knew the following spells:

 Your Spells              Type           Power      Damage    Failure   Level
a - Shock                 Conj/Air       100%       1d9       1%          1
b - Static Discharge      Conj/Air       93%        N/A       1%          2
c - Swiftness             Air            93%        N/A       1%          3
d - Airstrike             Air            46%        N/A       1%          4
e - Lightning Bolt        Conj/Air       46%        1d66      2%          5
f - Corona                Hex            81%        N/A       1%          1
g - Ensorcelled Hibernat  Hex/Ice        100%       N/A       1%          2
h - Frozen Ramparts       Ice            100%       1d12      1%          3
i - Lesser Beckoning      Tloc           36%        N/A       1%          3
j - Metabolic Englaciati  Hex/Ice        36%        N/A       2%          5
k - Irradiate             Conj/Tmut      36%        3d26      2%          5
Your spell library was empty.

Dungeon Overview and Level Annotations

Branches:
Dungeon (11/15)            Temple (0/1) D:6            Lair (6/6) D:8
  Swamp (0/4) Lair:3       Spider (0/4) Lair:4        Slime (0/5) Lair:6
    Orc: D:9-12

Altars:
Ashenzari
Elyvilon
Fedhas
Kikubaaqudgha
Makhleb
Okawaru
Vehumet
Wu Jian
Jiyva

Shops:
D:2 [   D:10 *

Annotations:
D:2 1 runed translucent door, Crazy Yiuf
Lair:3 exclusion: oklob plant
Lair:6 3 runed translucent doors, exclusion: oklob plant, Ynietresch's ghost, journeyman MiBe


Innate Abilities, Weirdness & Mutations

You are immune to sickness and miasma.
You are immune to poison.
Your flesh is very heat resistant. (rF++)
You are vulnerable to cold. (rC-)
You float through the air rather than walking.
You learn spells naturally, not from books.
Your magical power is your life essence.
You have superior vitality. (+4 HP)


Message History

Casting: Lightning Bolt (dangerous; 2% risk of failure)
Confirm with . or Enter, or press ? or * to list all spells.
Aiming: Lightning Bolt (dangerous; 2% risk of failure)
Press: ? - help, Shift-Dir - straight line, f/p - boulder beetle
Aim: a boulder beetle (severely wounded, 100% to hit)
You feel a surge of power!
You hear a mighty clap of thunder!
The bolt of lightning hits the boulder beetle!
The boulder beetle is severely wounded.
You hear an angry growl.
You hear an angry hiss.
The boulder beetle barely misses you.
A wyvern comes into view.
Casting: Lightning Bolt (dangerous; 2% risk of failure)
Confirm with . or Enter, or press ? or * to list all spells.
Aiming: Lightning Bolt (dangerous; 2% risk of failure)
Press: ? - help, Shift-Dir - straight line, f/p - boulder beetle
Aim: a boulder beetle (severely wounded, 100% to hit)
You feel a surge of power!
You hear a mighty clap of thunder!
The bolt of lightning hits the boulder beetle!
The boulder beetle is almost dead.
* * * LOW HITPOINT WARNING * * *
You hear an angry growl.
You hear an angry hiss.
You hear an angry buzzing noise.
The boulder beetle bites you!
* * * LOW HITPOINT WARNING * * *
A water moccasin comes into view.
A polar bear comes into view.
Casting: Lightning Bolt (dangerous; 2% risk of failure)
Confirm with . or Enter, or press ? or * to list all spells.
Aiming: Lightning Bolt (dangerous; 2% risk of failure)
Press: ? - help, Shift-Dir - straight line, f/p - boulder beetle
Aim: a boulder beetle (almost dead, 100% to hit)
You feel a surge of power!
You hear a mighty clap of thunder!
The bolt of lightning hits the boulder beetle but does no damage.
The boulder beetle is almost dead.
* * * LOW HITPOINT WARNING * * *
You hear a croak.
You hear an angry hiss. x2
The boulder beetle bites you!!
You die...

#P.....## #.......P≈##P≈.#
####.....#####......P≈.≈≈PP≈≈
#.#.....###.##†..^#....≈≈≈≈.#
##....†.P###.....# #...##≈≈#
#........##...h#####†^≈#.≈≈#
#..............###.#.≈≈≈≈≈≈#
#.............†.#.#....≈≈≈P#
##..............†.##..≈##≈≈#
#..........#..@÷..#...##≈≈#
##.........#..÷B†...†≈≈≈≈≈# #
##.......P....÷††#...≈≈≈≈.P#
####............##...l.≈##≈#.≈≈
.##.............###....≈##≈# ≈≈
.#.#....(......##.(...S≈≈≈≈≈
..##..#....#............P≈≈≈#
...............P.....†.≈.#≈≈#
....#..........[.......≈.#≈≈#


You could see a boulder beetle, a polar bear, a water moccasin and a wyvern.

Vanquished Creatures
  2 ettins (D:11)
  5 hydras
  Fannar (Lair:3)
  3 boulder beetles (D:11)
  A centaur warrior (D:11)
  Erica (D:8)
  2 catoblepae (Lair:4)
  4 two-headed ogres
  Nergalle (D:10)
  A sea snake (Lair:6)
  4 lindwurms (Lair:5)
  An orc knight (D:11)
  Pikel (D:8)
  A deep elf pyromancer (D:11)
  A wolf spider (D:11)
  An ugly thing (D:11)
  2 manticores
  A torpor snail (Lair:6)
  12 elephants
  4 black mambas
  2 gargoyles (D:11)
  11 cane toads
  3 kobold demonologists
  An unseen horror (D:11)
  3 rime drakes (Lair:6)
  A yaktaur (D:11)
  12 komodo dragons
  5 polar bears
  6 hornets
  7 trolls
  A wind drake (Lair:6)
  A slime creature (D:7)
  A meliai zombie (D:11)
  31 yaks
  A spriggan (Lair:4)
  9 wyverns
  Grum (Lair:1)
  A wraith (D:11)
  7 vampire mosquitoes
  3 basilisks
  A steam dragon (D:9)
  A warg (D:11)
  4 acid dragons
  19 water moccasins
  8 orc warriors
  3 ice beasts
  3 necrophages
  2 black bears
  An ogre (D:6)
  4 centaurs
  28 wolves
  7 kobold brigands
  A gnoll sergeant (D:11)
  9 bullfrogs
  A wyvern zombie (D:6)
  A scorpion (D:6)
  A wyvern skeleton (D:7)
  A water moccasin skeleton (D:6)
  A killer bee (D:7)
  4 wights (D:8)
  4 electric eels
  4 howler monkeys
  6 crimson imps (D:10)
  3 jellies
  3 centaur zombies
  4 orc priests
  8 hounds
  2 centaur skeletons
  3 iguanas
  4 orc wizards
  4 hell rats (Lair:6)
  2 killer bee zombies
  A hound skeleton (D:5)
  4 gnolls (D:11)
  7 adders
  2 shadow imps (D:9)
  5 white imps
  5 ufetubi
  An adder skeleton (D:4)
  A worm (D:2)
  5 dart slugs
  16 orcs
  6 bats
  9 endoplasms
  3 giant cockroaches
  5 goblins
  10 hobgoblins
  2 jackals (D:4)
  3 quokkas
  6 ball pythons
  3 frilled lizards
  45 kobolds
  8 kobold skeletons (D:9)
  9 kobold zombies (D:9)
  7 rats
466 creatures vanquished.

Vanquished Creatures (others)
  A rat (D:3)
  21 fungi
  38 plants
60 creatures vanquished.

Grand Total: 526 creatures vanquished

Notes
Turn   | Place    | Note
-------+----------+-------------------------------------------
     0 | D:1      | bilbop the Djinni Air Elementalist began the quest for the
                  | Orb.
     0 | D:1      | Reached XP level 1. HP: 15/15 MP: 0/0
   415 | D:1      | Reached XP level 2. HP: 18/22 MP: 0/0
   551 | D:1      | Reached skill level 3 in Spellcasting
   836 | D:1      | Found a faded altar of an unknown god.
   841 | D:1      | Reached XP level 3. HP: 22/26 MP: 0/0
   841 | D:1      | Learned a level 1 spell: Corona
   844 | D:1      | Reached skill level 1 in Fighting
  1791 | D:2      | Found Xuusivoa's Armour Shop.
  1805 | D:2      | Reached skill level 1 in Staves
  1816 | D:2      | Reached XP level 4. HP: 22/32 MP: 0/0
  2266 | D:2      | Found a runed translucent door.
  2267 | D:2      | Noticed Crazy Yiuf
  2866 | D:3      | Found a white marble altar of Elyvilon.
  3185 | D:3      | Reached XP level 5. HP: 34/38 MP: 0/0
  3185 | D:3      | Learned a level 2 spell: Ensorcelled Hibernation
  4456 | D:4      | Reached skill level 4 in Spellcasting
  4788 | D:5      | Entered Level 5 of the Dungeon
  4794 | D:5      | Reached XP level 6. HP: 38/43 MP: 0/0
  5076 | D:5      | Noticed a necrophage
  5086 | D:5      | Killed a necrophage
  5294 | D:5      | Reached XP level 7. HP: 44/49 MP: 0/0
  5294 | D:5      | Learned a level 3 spell: Frozen Ramparts
  5489 | D:5      | Identified the +0 robe of Beogh's Anger {Dex+8}
  5684 | D:6      | Reached skill level 5 in Spellcasting
  6154 | D:6      | Found a burning altar of Makhleb.
  6157 | D:6      | Became a worshipper of Makhleb the Destroyer
  6186 | D:6      | Found a staircase to the Ecumenical Temple.
  6190 | D:6      | Identified the ring of Tulips {Fly rC+ rCorr Str-2 Int+5}
  6199 | D:6      | You are sucked into a shaft and drop 2 floors!
  6277 | D:7      | Reached XP level 8. HP: 31/58 MP: 0/0
  6579 | D:6      | Reached skill level 1 in Invocations
  6839 | D:6      | Reached skill level 6 in Spellcasting
  7801 | D:7      | Reached XP level 9. HP: 55/63 MP: 0/0
  7801 | D:7      | Learned a level 3 spell: Lesser Beckoning
  8227 | D:7      | Reached * piety under Makhleb
  8435 | D:7      | Noticed a hornet
  8439 | D:7      | Killed a hornet
  8776 | D:7      | Reached skill level 5 in Fighting
  8841 | D:7      | Reached skill level 5 in Stealth
  8989 | D:7      | Noticed a kobold demonologist
  8992 | D:7      | Reached skill level 7 in Spellcasting
  8994 | D:7      | Killed a kobold demonologist
  8995 | D:7      | Reached skill level 1 in Shields
  9005 | D:7      | Reached skill level 5 in Staves
  9296 | D:7      | Identified the +4 falchion "Werriwi" {freeze, rPois rN+
                  | SInv}
  9430 | D:8      | Reached XP level 10. HP: 69/70 MP: 0/0
  9751 | D:8      | Noticed Erica
  9843 | D:8      | Reached ** piety under Makhleb
  9857 | D:8      | Noticed Pikel
  9864 | D:8      | Killed Pikel
 10081 | D:8      | Killed Erica
 10082 | D:8      | Reached skill level 8 in Spellcasting
 10221 | D:8      | Found a staircase to the Lair.
 10322 | D:8      | Reached skill level 5 in Invocations
 10917 | D:9      | Identified a scroll of acquirement
 10924 | D:9      | Acquired the +2 cloak of Xyanok {rElec rF+++ rC+}
 10941 | D:9      | Identified the +2 leather armour of the Fiddle {rElec}
 11018 | D:9      | Reached XP level 11. HP: 53/78 MP: 0/0
 11018 | D:9      | Learned a level 5 spell: Metabolic Englaciation
 11468 | D:9      | Identified the +1 leather armour of the Evil One {Drain
                  | Int+2 Slay+3}
 11483 | D:9      | Reached *** piety under Makhleb
 11811 | D:9      | Found a blossoming altar of Fedhas.
 11850 | D:9      | Found an ornate altar of the Wu Jian Council.
 12203 | D:10     | Entered Level 10 of the Dungeon
 12397 | D:10     | Found a broken altar of Ashenzari.
 12545 | D:10     | Found Iduaddid's Demolitions Depot.
 12671 | D:10     | Noticed a two-headed ogre
 12676 | D:10     | Killed a two-headed ogre
 12676 | D:10     | Reached **** piety under Makhleb
 12677 | D:10     | Reached skill level 9 in Spellcasting
 12849 | D:10     | Noticed Nergalle
 12852 | D:10     | Killed Nergalle
 12853 | D:10     | Reached skill level 5 in Shields
 12944 | D:10     | Found an iron altar of Okawaru.
 13025 | D:11     | Noticed a manticore
 13028 | D:11     | Killed a manticore
 13112 | D:11     | Noticed a two-headed ogre
 13117 | D:11     | Killed a two-headed ogre
 13118 | D:11     | Reached XP level 12. HP: 33/85 MP: 0/0
 13180 | D:11     | Noticed a boulder beetle
 13187 | D:11     | Killed a boulder beetle
 13200 | D:11     | Noticed a boulder beetle
 13219 | D:11     | Noticed an ettin
 13222 | D:11     | Killed an ettin
 13230 | D:11     | Noticed an ettin
 13233 | D:11     | Killed an ettin
 13239 | D:11     | Killed a boulder beetle
 13248 | D:11     | Reached skill level 10 in Spellcasting
 13903 | D:11     | Identified the Grimoire of Glacial Transmutation
 13948 | D:11     | Identified the +7 fustibalus "Cufoissilo" {vorpal, Contam
                  | Str+6 Int+3}
 14008 | D:11     | Noticed a centaur warrior
 14011 | D:11     | Killed a centaur warrior
 14393 | D:11     | Noticed a two-headed ogre
 14397 | D:11     | Killed a two-headed ogre
 14408 | D:11     | Reached XP level 13. HP: 88/93 MP: 0/0
 14408 | D:11     | Learned a level 5 spell: Irradiate
 14489 | D:11     | Reached ***** piety under Makhleb
 14794 | Lair:1   | Entered Level 1 of the Lair of Beasts
 15306 | Lair:1   | Noticed Grum
 15310 | Lair:1   | Killed Grum
 15588 | Lair:2   | Reached skill level 11 in Spellcasting
 15972 | Lair:2   | You are sucked into a shaft and drop 1 floor!
 15972 | Lair:3   | Found a staircase to the Swamp.
 16870 | Lair:3   | Noticed Fannar
 16875 | Lair:3   | Killed Fannar
 17304 | Lair:4   | Reached XP level 14. HP: 95/101 MP: 0/0
 17519 | Lair:4   | Found a hole to the Spider Nest.
 18353 | Lair:5   | Found the +6 arbalest "Damnation" {damnation}
 18380 | Lair:5   | Identified the Volume of the Engineer
 18381 | Lair:5   | Identified the +1 war axe "Ralentet" {vorpal, rElec rN+
                  | Stlth-}
 18716 | Lair:6   | Entered Level 6 of the Lair of Beasts
 18751 | Lair:6   | Found a staircase to the Slime Pits.
 18788 | Lair:6   | Found a runed translucent gate.
 18788 | Lair:6   | Found a runed translucent gate.
 18788 | Lair:6   | Found a runed translucent gate.
 18790 | Lair:6   | Noticed a quicksilver ooze
 18791 | Lair:6   | Found a viscous altar of Jiyva.
 18791 | Lair:6   | Noticed Ynietresch's ghost (journeyman MiBe)
 18791 | Lair:6   | Noticed a quicksilver ooze
 18932 | Lair:6   | Reached skill level 10 in Fighting
 18944 | Lair:6   | Reached ****** piety under Makhleb
 18989 | Lair:6   | Reached skill level 12 in Spellcasting
 19094 | Lair:6   | Mangled by a boulder beetle

Illustrated notes

Levels and vault maps discovered:
D:1:      lemuel_arrival_broad_hall, layout_loops_ring,
          hellmonk_ecumenical_altar_arch_garden, minmay_door_square,
          wander_ebering_terrifying_dragon_lair
D:2:      layout_loops_ring, serial_shops, nicolae_shop_crystal,
          ebering_dispersal_statue_hall, uniq_crazy_yiuf_cottage
D:3:      layout_basic, elyvilon_altar_4
D:4:      layout_gridville, nrook_campfire, kennysheep_another_room
D:5:      layout_gridville
D:6:      layout_gridville, kennysheep_mini_moat, minmay_temple_entry_statues,
          grunt_decor_one_mirror, grunt_ministairs_14
D:7:      minmay_slanted_spiral_squares, layout_loops_corners
D:8:      layout_cave_pools, erik_lair_island, amethyst_killhole, uniq_erica,
          uniq_pikel
D:9:      wander_kiku_kobolds, layout_irregular_city, fedhas_altar_1,
          nicolae_overflow_hidden_temple
D:10:     layout_irregular_city, ashenzari_altar_1, minitemple,
          nicolae_blasting_shop, minivault_19, minmay_nine_imps, uniq_nergalle
D:11:     minmay_the_grid_net [minmay_the_grid_odd_star,
          minmay_the_grid_all_tris, minmay_the_grid_gridbox,
          minmay_the_grid_armoury, minmay_the_grid_paths,
          minmay_the_grid_prize_diamond_cup], layout_loops_corners,
          minmay_pinched_square
Lair:1:   layout_roguey, grunt_megastairs_4, uniq_grum
Lair:2:   layout_cellular_growth, lemuel_fruit_fields
Lair:3:   layout_roguey, swamp_mist, minmay_lair_oklob_chamber, uniq_fannar
Lair:4:   layout_gridlike, dummy_spider_entry, fungi_pond_lemuel, minmay_holes,
          grunt_forest_large_clearing_hut
Lair:5:   layout_regular_city, minmay_lindwurm_lava, lemuel_fruit_tree
Lair:6:   gammafunk_lair_ancient_temple, layout_misc_corridors,
          minmay_slime_entry_oklob_open, gammafunk_ghost_ooze,
          serial_bayou_shore_b, serial_bayou_shore_b

Skill      XL: |  1  2  3  4  5  6  7  8  9 10 11 12 13 14 |
---------------+-------------------------------------------+-----
Spellcasting   | 3 4 5 6 7 8 9 10 11 12 | 12.1
Fighting       | 1 2 3 4 5 6 7 8 9 10 | 10.1
Stealth        | 2 3 4 5 6 7 8 9 |  9.4
Staves         | 1 2 3 4 5 6 7 8 9 |  9.2
Invocations    | 2 4 5 6 7 8 9 |  9.3
Shields        | 2 3 5 6 7 8 |  8.7
Dodging        | |  2.1

Action                   |  1- 3 |  4- 6 |  7- 9 | 10-12 | 13-15 || total
-------------------------+-------+-------+-------+-------+-------++-------
Melee: Staff             |       |       |     5 |       |     3 ||     8
 Cast: Shock             |    88 |   118 |   129 |   151 |    21 ||   507
       Static Discharge  |     1 |     7 |    17 |    14 |    47 ||    86
       Ensorcelled Hiber |       |       |     3 |       |     1 ||     4
       Frozen Ramparts   |       |       |     2 |       |       ||     2
       Airstrike         |       |       |    24 |   182 |   261 ||   467
       Lightning Bolt    |       |       |     1 |    41 |    57 ||    99
       Irradiate         |       |       |       |       |     3 ||     3
  Use: Scroll            |       |       |       |    14 |     6 ||    20
 Stab: Sleeping          |       |       |     1 |       |       ||     1
Armor: Robe              |     2 |     2 |       |     4 |       ||     8
       Leather armour    |       |     5 |    16 |     5 |       ||    26
       Troll leather arm |       |       |       |    18 |    25 ||    43
Dodge: Dodged            |     3 |    11 |    29 |    33 |    24 ||   100
Block: Other             |       |     3 |    15 |     4 |       ||    22
       Reflection        |       |       |       |     7 |       ||     7
       Kite shield       |       |       |       |    25 |    57 ||    82

Table legend: (Time is in decaauts)
 A = Elapsed time spent in this place.
 B = Non-inter-level travel time spent in this place.
 C = Inter-level travel time spent in this place.
 D = Time resting spent in this place.
 E = Time spent auto-exploring this place.
 F = Levels seen in this place.
 G = Mean time per level.
                   A        B        C        D        E       F      G
               +--------+--------+--------+--------+--------+-----+--------+
         Total |  19102 |  18140 |    962 |   3626 |  12249 |  17 | 1123.6 |
       Dungeon |  14797 |  14093 |    704 |   3369 |   9082 |  11 | 1345.2 |
          Lair |   4305 |   4047 |    258 |    257 |   3167 |   6 |  717.5 |
               +--------+--------+--------+--------+--------+-----+--------+

Top non-repeatable levels by time:
     D:7: 2008 daAuts
     D:6: 1898 daAuts
     D:9: 1718 daAuts
     D:1: 1588 daAuts
    D:11: 1516 daAuts
     D:4: 1174 daAuts
     D:8: 1030 daAuts
     D:3: 1014 daAuts
     D:2: 1008 daAuts
    D:10: 968 daAuts
     D:5: 869 daAuts
  Lair:2: 860 daAuts
  Lair:1: 807 daAuts
  Lair:4: 802 daAuts
  Lair:5: 756 daAuts
